Unix NetHack Version 5.0.0-0 post-release - last build May  4 2026 22:22:43 (774f63e81ad911689b3a0859ea89b322d5daca8d,branch:main).

Game began 2026-05-08 20:54:55, ended 2026-05-08 22:30:41.

Eymerich, chaotic male elven Priest

                       --------------                      -------------
                       |............|               0######-...........|
                       |............|                      |...........|
                  #####........<.....                      |...........|
                  #    [............|     ##0             #-...........|
               f#Mu    ---.----------     #           #####----------.--
           #####         ##           #####        ####         ######
 -------   #             #            #   ------ ###           ##
 |......   #             #           #####.....|##            ##
 |......%%)#             #           ##   |....-#             #
 |......                ##          ###   |....|              #
 |....                  #            #    .....|             -.---------
 |(.                    #            #    |....|             |.........|
 |                     -.-------  # ##    ------             |.........|
                       |..>....|  #####                      |.........|
                       |........####                         |.........|
                       |.......|                             |.........|
                       ---------                             |.<.......|
                                                             -----------

Eymerich the Adept           St:15 Dx:12 Co:16 In:9 Wi:19 Ch:8  Chaotic
Dlvl:7  $:453 HP:0(52) Pw:76(76) AC:6  Xp:7 T:7785  Hungry   Burdened

Latest messages:
 The bugbear misses the large dog.
 The bugbear picks up a crude dagger.
 The large dog misses the bugbear.
 The large dog bites the bugbear.
 The bugbear wields a crude dagger!
 The bugbear picks up a dagger.
 The large dog bites the bugbear.
 The bugbear is killed!
 You swap places with your housecat.
 The couatl bites!
 The couatl's bite was poisoned!
 The poison doesn't seem to affect you.
 The couatl bites again!
 The couatl hits!
 You hear some noises in the distance.
 You swap places with your housecat.
 You hear some noises in the distance.
 You hear some noises in the distance.
 You hear some noises.
 You hear some noises in the distance.
 You hear some noises.
 You hear some noises in the distance.
 You hear some noises.
 You hear some noises in the distance.
 The pony kicks!
 The pony misses!
 The pony kicks!
 The pony misses!
 The housecat bites the pony.
 The pony misses the housecat.
 The pony misses the housecat.
 What do you want to throw? [$ntBGMORXY or ?*]
 In what direction?
 The pony seems more amiable.
 Your pony devours a lichen corpse.
 You stop.  Your pony is in the way!
 You swap places with your pony.
 You hear some noises in the distance.
 The incubus disappears!
 You are beginning to feel hungry.
 The human mummy hits!
 The human mummy hits again!
 You hit the human mummy!
 The human mummy hits!
 The human mummy hits again!
 You hit the human mummy!
 The human mummy hits!
 You die...
 Do you want your possessions identified? [ynq] (y)
 Do you want to see your attributes? [ynq] (y)

Inventory:
 Coins    ('$')
  $ - 453 gold pieces
 Weapons  (')')
  Y - a blessed +2 arrow
  X - 11 blessed +0 arrows
  G - 110 +0 arrows
  O - 11 +0 orcish arrows
  M - a blessed +1 dart
  n - a blessed +0 dart
  R - 133 +0 darts (at the ready)
  B - a +0 dagger
  t - a blessed corroded +0 aklys (tethered to left hand)
 Armor    ('[')
  o - a +0 orcish helm (being worn)
  C - a +1 pair of iron shoes (being worn)
  J - a +0 dwarvish cloak (being worn)
  b - a +0 robe
 Comestibles  ('%')
  e - 2 cloves of garlic
  H - a cram ration
  w - a food ration
  f - a sprig of wolfsbane
  c - a lichen corpse
  L - a lizard corpse
 Scrolls  ('?')
  V - a scroll of amnesia
  k - a cursed scroll of amnesia
  D - a blessed scroll of confuse monster
  x - a cursed scroll of confuse monster
  l - 2 scrolls of create monster
  A - a scroll of destroy armor
  s - a cursed scroll of earth
  h - a cursed scroll of genocide
  u - a cursed scroll of gold detection
  g - a scroll of identify
  T - 2 scrolls of light
  r - a scroll of teleportation
 Spellbooks  ('+')
  S - a spellbook of protection
 Potions  ('!')
  E - a potion of gain ability
  m - a potion of hallucination
  v - 2 potions of healing
  P - a potion of see invisible
  d - 4 potions of holy water
  U - 2 potions of unholy water
 Rings    ('=')
  z - a +2 ring of gain strength (on right hand)
  Q - a cursed ring of hunger
  q - a cursed -1 ring of increase damage
 Wands    ('/')
  y - a wand of locking (0:4)
  Z - a wand of make invisible (0:7)
 Tools    ('(')
  j - a bugle
  i - a magic marker (0:22)
  p - a tin whistle
 Gems/Stones  ('*')
  I - an aquamarine stone named hard
  W - 2 worthless pieces of orange glass named soft

Eymerich the Priest's attributes:

Background:
 You were an Adept, a level 7 elven Priest.
 You were chaotic, on a mission for Loki
 who was opposed by Tyr (lawful) and Odin (neutral).
 You were left-handed.
 You were in the Dungeons of Doom, on level 7.
 You entered the dungeon 7785 turns ago.
 It was nighttime.
 You had 885 experience points, 395 more were needed to attain level 8.

Basics:
 You had 0 out of 52 hit points.
 You had all 76 energy points (spell power).
 Your armor class was 6.
 Your wallet contained 453 zorkmids.
 Autopickup was off.

Final Characteristics:
 Your strength was 15 (base:13, limit:18).
 Your dexterity was 12 (limit:18).
 Your constitution was 16 (limit:16).
 Your intelligence was 9 (limit:20).
 Your wisdom was 19 (limit:20).
 Your charisma was 8 (limit:18).

Final Status:
 You were hungry.
 You were burdened; movement was slightly slowed.
 You were wielding a club.
 You had expert skill with club.

Final Attributes:
 You were piously aligned.
 Your items were somewhat protected from fire.
 Your items were somewhat protected from cold.
 You were sleep resistant.
 You were poison resistant.
 You were telepathic.
 You had infravision.
 You were invisible.
 You were warded.
 You are dead.

Miscellaneous:
 You encountered 1 bones level.
 Total elapsed playing time was 1 hour, 35 minutes and 44 seconds.

Major events:
 Turn
    1: Eymerich the chaotic elven Priest entered the dungeon
  724: entered the Gnomish Mines
  760: attained the rank of Acolyte (level 3)
 4623: attained the rank of Adept (level 6)
 7785: killed by a chameleon imitating a human mummy

Spells:
 Name                 Level Category     Fail Retention
 detect monsters        1   divination    21%   51%-75%
 create monster         2   clerical      21%   61%-70%
 protection             1   clerical      21%   81%-90%

Skills:
 Fighting Skills
   bare handed combat [Unskilled]
 Weapon Skills
   club               [Expert]
   mace               [Basic]
   morning star       [Unskilled]
   flail              [Unskilled]
   hammer             [Unskilled]
   quarterstaff       [Unskilled]
   polearms           [Unskilled]
   spear              [Unskilled]
   trident            [Unskilled]
   lance              [Unskilled]
   bow                [Unskilled]
   sling              [Unskilled]
   crossbow           [Unskilled]
   dart               [Unskilled]
   shuriken           [Unskilled]
   boomerang          [Unskilled]
   unicorn horn       [Unskilled]
 Spellcasting Skills
   healing spells     [Unskilled]
   divination spells  [Unskilled]
   clerical spells    [Basic]

Voluntary challenges:
 Character rerolling was not enabled.
 You never genocided any monsters.
 You never polymorphed an object.
 You never changed form.
 You used no wishes.
Achievements:
 You entered a shop.
 You entered the Gnomish Mines.
 You attained the rank of Acolyte.
 You attained the rank of Adept.

 The Dungeons of Doom: levels 1 to 8
    Level 1:
    Level 2: "locked chest"
       Stairs down to The Gnomish Mines.
    Level 3: "locked chest, 2 x locked box"
       A potion shop, a fountain.
    Level 4:
       A general store, a fountain.
    Level 5:
       A sink, a grave.
       Final resting place for
          Eymerich-Pri-Elf-Mal-Cha, killed by a straw golem.
    Level 6:
       Many fountains.
    Level 7: <- You were here.
       Final resting place for
          you, killed by a chameleon imitating a human mummy.
    Level 8:
 The Gnomish Mines:
    Level 3:


Vanquished creatures:
  a ghost
  a spotted jelly
  6 leprechauns
  a gnome ruler
  a lizard
  2 dwarf leaders
  a blue jelly
  a plains centaur
  a snake
  3 human zombies
  a bugbear
  3 rock piercers
  3 ponies
  4 shriekers
  6 gnome leaders
  a gnomish wizard
  a golden naga hatchling
  4 elf zombies
  2 straw golems
  3 giant ants
  a little dog
  5 floating eyes
  a kitten
  3 dwarves
  2 homunculi
  a kobold shaman
 12 rothes
  a giant bat
  4 monkeys
  a werejackal
  6 iguanas
  3 acid blobs
  3 coyotes
  3 gas spores
  2 hobbits
  5 hobgoblins
  8 giant rats
  a cave spider
  3 brown molds
  2 yellow molds
  3 red molds
 12 gnomes
  2 gnome zombies
  7 geckos
 13 jackals
  2 foxes
  3 kobolds
  3 goblins
  2 sewer rats
  9 grid bugs
 13 lichens
  2 kobold zombies
  4 newts
188 creatures vanquished.

No species were genocided or became extinct.

Game over:
                       ----------
                      /          \
                     /    REST    \
                    /      IN      \
                   /     PEACE      \
                  /                  \
                  |     Eymerich     |
                  |      453 Au      |
                  |   killed by a    |
                  |    chameleon     |
                  |   imitating a    |
                  |   human mummy    |
                  |       2026       |
                 *|     *  *  *      | *
        _________)/\\_//(\/(/\)/\//\/|_)_______

Goodbye Eymerich the Priest...

You died in The Dungeons of Doom on dungeon level 7 with 4298 points,
and 453 pieces of gold, after 7785 moves.
You were level 7 with a maximum of 52 hit points when you died.

